 Dungeon Crawl Stone Soup version 0.29.0-4-gdea44cf6ec (webtiles) character file.

Game seed: 4109096832685936239

140 qw the Chopper (level 5, -1/30 HPs)
             Began as a Tengu Warper on Aug 28, 2022.
             Slain by a hound (2 damage)
             ... on level 3 of the Dungeon.
             The game lasted 00:00:13 (2930 turns).

qw the Chopper (Tengu Warper)                       Turns: 2930, Time: 00:00:14

Health: -1/30      AC:  5    Str: 14    XL:     5   Next: 22%
Magic:  9/9        EV: 12    Int: 13    God:
Gold:   77         SH:  4    Dex: 13    Spells: 8/8 levels left

rFire   . . .      SeeInvis +   Y - +0 hand axe
rCold   . . .      Faith    .   l - +0 buckler
rNeg    . . .      Spirit   .   e - +0 ring mail
rPois   .          Reflect  .   (helmet restricted)
rElec   .          Harm     .   (no cloak)
rCorr   .          Rampage  .   (no gloves)
Will    .....                   (boots unavailable)
Stlth   +.........              (no amulet)
HPRegen 0.10/turn               d - ring of see invisible
MPRegen 0.11/turn               (no ring)

@: flying quickly and evasively, quick
A: beak, talons 3, nimble flight
a: no special abilities


You were on level 3 of the Dungeon.
You visited 1 branch of the dungeon, and saw 3 of its levels.

You collected 77 gold pieces.


Innate Abilities, Weirdness & Mutations

You have a beak for a mouth.
You have claws for feet.
Your magical nature lets you fly swiftly and evasively.


   Skills:
 - Level 2.0 Fighting
 + Level 5.6 Axes
 - Level 1.0 Throwing
 - Level 1.1 Armour
 - Level 2.1 Dodging
 - Level 1.0 Shields
 - Level 2.0 Spellcasting
 - Level 2.4 Translocations


You had 8 spell levels left.
You didn't know any spells.
Your spell library contained the following spells:

 Spells                   Type           Power      Damage    Failure   Level
 Blink                    Tloc           14%        N/A       38%         2
 Gell's Gravitas          Tloc           7%         N/A       63%         3
 Lesser Beckoning         Tloc           7%         N/A       63%         3
 Teleport Other           Tloc           7%         N/A       63%         3
 Manifold Assault         Tloc           7%         N/A       100%        5

Inventory:

Hand Weapons
 k - a +0 whip
 Y - a +0 hand axe (weapon)
Armour
 e - a +0 ring mail (worn)
 l - a +0 buckler (worn)
Jewellery
 d - a ring of see invisible (left hand)
Scrolls
 f - a scroll of enchant armour
Potions
 a - a potion of curing
 b - a potion of degeneration {unknown}
 c - a potion of haste {unknown}
 i - a potion of might

Dungeon Overview and Level Annotations

Branches:
Dungeon (3/15)

Altars:

Annotations:
D:2 1 runed translucent door, Crazy Yiuf


Message History

The hound misses you. The hound bites you.
The gnoll hits you from afar with a +0 spear.
You slash the hound!
You kill the hound!
You miss the hound. The hound misses you.
The hound pauses to sniff the ground.
The hound bites you. The gnoll hits you but does no damage.
You have reached level 5!
Your magical nature develops, letting you fly swiftly and evasively.
You barely miss the hound. Your kick misses the hound.
Your peck misses the hound. The hound barely misses you.
The gnoll hits you from afar with a +0 spear.
You barely miss the hound. The hound barely misses you. The hound bites you.
The gnoll barely misses you.
You barely miss the hound. You claw the hound. Your peck misses the hound.
The hound is lightly wounded.
The hound closely misses you.
The gnoll hits you from afar with a +0 spear.
You barely miss the hound. Your kick misses the hound.
The hound is lightly wounded.
The hound closely misses you. The hound bites you but does no damage.
The gnoll hits you from afar with a +0 spear.
You hit the hound but do no damage. Your peck misses the hound.
The hound is lightly wounded.
You block the hound's attack.
The gnoll hits you from afar with a +0 spear.
The hound completely misses you.
You closely miss the hound. Your kick misses the hound.
The hound is lightly wounded.
You block the hound's attack.
The gnoll hits you from afar with a +0 spear.
You barely miss the hound. Your kick misses the hound.
The hound is lightly wounded.
The hound misses you. The gnoll barely misses you.
The hound closely misses you.
You closely miss the hound. Your kick misses the hound. You peck the hound.
The hound is lightly wounded.
The hound bites you.
You die...

######## .......#
######.###
.........######
#####.........#
...##.)#.####.#####
##.##).#.# #...@.#
#.##..#.# #.###h..#
#.##..#.# #.#
.g....# ##.##..#.#
#.# .P.P..#
..#....#.# #..
##'#### ##.##.##.#
### .+ ##....# #
.###### .#


You could see a hound and a gnoll.

Vanquished Creatures
  A hound (D:3)
  An orc wizard (D:3)
  2 adders
  3 dart slugs (D:1)
  3 orcs
  8 endoplasms
  3 giant cockroaches (D:1)
  A goblin (D:1)
  9 hobgoblins
  3 jackals (D:2)
  A quokka (D:1)
  9 ball pythons
  3 bats
  4 frilled lizards
  A kobold (D:3)
  5 rats
57 creatures vanquished.

Notes
Turn   | Place    | Note
-------+----------+-------------------------------------------
     0 | D:1      | qw the Tengu Warper began the quest for the Orb.
     0 | D:1      | Reached XP level 1. HP: 12/12 MP: 4/4
     0 | D:1      | 0 ||| qw: Version: 0.1-a-89-g26bdef1
     0 | D:1      | 0 ||| qw: Game counter: 850
     0 | D:1      | 0 ||| qw: Always use a shield: true
     0 | D:1      | 0 ||| qw: God list: Okawaru
     0 | D:1      | 0 ||| qw: Allow faded altars: false
     0 | D:1      | 0 ||| qw: Do Orc after D:15 true
     0 | D:1      | 0 ||| qw: Do second Lair branch before Depths: true
     0 | D:1      | 0 ||| qw: Lair rune preference: random
     0 | D:1      | 0 ||| qw: Plans: Normal
     0 | D:1      | 0 ||| PLANNING D:1-11
   137 | D:1      | 137 ||| Stepping ~*~*~tactically~*~*~ (stealth).
   169 | D:1      | Reached XP level 2. HP: 17/17 MP: 6/6
   185 | D:1      | Reached skill level 3 in Axes
   647 | D:1      | Reached XP level 3. HP: 14/21 MP: 7/7
  1004 | D:1      | Reached skill level 4 in Axes
  1446 | D:1      | 1446 ||| UPGRADING to +0 ring mail.
  1456 | D:1      | 1456 ||| DROPPING +0 leather armour.
  1457 | D:1      | 1457 ||| UPGRADING to +0 buckler.
  1462 | D:1      | 1462 ||| DROPPING amulet of faith.
  1463 | D:1      | 1463 ||| DROPPING ring of flight.
  1464 | D:1      | 1464 ||| READING scroll labelled IDUIRASAEC.
  1465 | D:1      | 1465 ||| READING 2 scrolls labelled WEP VIUQUN.
  1466 | D:1      | 1466 ||| READING scroll labelled APEIMY VOHUVEO.
  1467 | D:1      | 1467 ||| READING scroll labelled SYROAGH DICEIN.
  1468 | D:1      | 1468 ||| DROPPING scroll of blinking.
  1469 | D:1      | 1469 ||| DROPPING scroll of summoning.
  1551 | D:2      | Found a faded altar of an unknown god.
  1573 | D:2      | Reached skill level 1 in Shields
  1765 | D:2      | Reached XP level 4. HP: 18/26 MP: 8/8
  2278 | D:2      | Found a runed translucent door.
  2279 | D:2      | Noticed Crazy Yiuf
  2688 | D:2      | 2688 ||| UPGRADING to ring of see invisible.
  2689 | D:2      | 2689 ||| READING 2 scrolls labelled BEDGHE JONN.
  2690 | D:2      | 2690 ||| DRINKING 2 metallic emerald potions.
  2691 | D:2      | 2691 ||| DRINKING 2 smoky clear potions.
  2782 | D:3      | 2782 ||| Stepping ~*~*~tactically~*~*~ (stealth).
  2798 | D:3      | 2798 ||| Stepping ~*~*~tactically~*~*~ (stealth).
  2799 | D:3      | 2799 ||| Stepping ~*~*~tactically~*~*~ (stealth).
  2800 | D:3      | 2800 ||| Stepping ~*~*~tactically~*~*~ (stealth).
  2801 | D:3      | 2801 ||| Stepping ~*~*~tactically~*~*~ (stealth).
  2802 | D:3      | 2802 ||| Stepping ~*~*~tactically~*~*~ (stealth).
  2803 | D:3      | 2803 ||| Stepping ~*~*~tactically~*~*~ (stealth).
  2873 | D:3      | 2873 ||| Stepping ~*~*~tactically~*~*~ (stealth).
  2890 | D:3      | Reached skill level 5 in Axes
  2923 | D:3      | Gained mutation: Your magical nature lets you fly swiftly
                  | and evasively. [Tengu growth]
  2923 | D:3      | Reached XP level 5. HP: 23/30 MP: 9/9
  2927 | D:3      | HP: 6/30 [gnoll/+0 spear (2)]
  2928 | D:3      | HP: 1/30 [gnoll/+0 spear (5)]
  2930 | D:3      | Slain by a hound

Levels and vault maps discovered:
D:1:      dpeg_arrival_circle_labyrinth_a, layout_loops_corners
D:2:      layout_loops_corners, hellmonk_ecumenical_altar_inner_sanctum,
          uniq_crazy_yiuf_cottage
D:3:      layout_loops_ring, cheibrodos_gnoll_hut

Skill      XL: |  1  2  3  4 |
---------------+-------------+-----
Axes           | 3 4 5 |  5.6
Shields        | 1 |  1.0
Fighting       | |  2.0
Throwing       | |  1.0
Armour         | |  1.1
Dodging        | |  2.1
Spellcasting   | |  2.0
Translocations | |  2.4

Action                   |  1- 3 |  4- 6 || total
-------------------------+-------+-------++-------
Melee: Hand axe          |    84 |    45 ||   129
       Kick              |    17 |     7 ||    24
       Peck              |    10 |     8 ||    18
Throw: Boomerang         |     7 |       ||     7
  Use: Scroll            |     4 |     1 ||     5
       Potion            |       |     2 ||     2
 Stab: Distracted        |       |     1 ||     1
Armor: Leather armour    |    12 |       ||    12
       Ring mail         |     4 |    15 ||    19
Dodge: Dodged            |    35 |    21 ||    56
Block: Buckler           |     2 |     7 ||     9

Table legend:
 A = Non-vault XP
 B = Vault XP
 C = Vault XP percentage of total XP
 D = Non-vault monster count
 E = Vault monster count
 F = Vault count percentage of total count
                 A         B        C        D         E       F
            +---------+---------+-------+---------+---------+-------
      Total |     160 |      40 |  20.0 |      56 |       1 |   1.8
            +---------+---------+-------+---------+---------+-------
        D:1 |      58 |       0 |   0.0 |      30 |       0 |   0.0
        D:2 |      38 |       0 |   0.0 |      16 |       0 |   0.0
        D:3 |      64 |      40 |  38.5 |      10 |       1 |   9.1
            +---------+---------+-------+---------+---------+-------
